 Dungeon Crawl Stone Soup version 0.22-a0-455-ga0624bf (webtiles) character file.

1 KristoblXynda the Slasher (level 1, 0/19 HPs)
             Began as a Naga Gladiator on June 5, 2018.
             Slain by a giant cockroach (1 damage)
             ... on level 1 of the Dungeon.
             The game lasted 00:00:39 (40 turns).

KristoblXynda the Slasher (Naga Gladiator)            Turns: 40, Time: 00:00:40

Health: 0/19       AC:  2    Str: 16    XL:     1   Next: 20%
Magic:  1/1        EV: 10    Int:  8    God:
Gold:   7          SH:  0    Dex: 12    Spells: 0/0 levels left

rFire    . . .     SeeInvis +   a - +0 long sword
rCold    . . .     Gourm    .   (no shield)
rNeg     . . .     Faith    .   b - +0 leather armour
rPois    +         Spirit   .   c - +0 helmet
rElec    .         Reflect  .   (no cloak)
rCorr    .         Harm     .   (no gloves)
MR       .....                  (no barding)
Stlth    +.........             (no amulet)
HPRegen  0.06/turn              (no ring)
MPRegen  0.07/turn              (no ring)

@: very slow
A: large, see invisible, deformed body, poison resistance, slowness 2, slow
metabolism 1, spit poison 1, AC +0
a: Spit Poison


You were on level 1 of the Dungeon.
You were not hungry.

You visited 1 branch of the dungeon, and saw 1 of its levels.

You collected 7 gold pieces.

Inventory:

Hand Weapons
 a - a +0 long sword (weapon)
Missiles
 d - 3 throwing nets (quivered)
Armour
 b - a +0 leather armour (worn)
 c - a +0 helmet (worn)
Comestibles
 f - a ration


   Skills:
 - Level 2.0 Fighting
 + Level 3.0 Long Blades
 + Level 1.8 Throwing
 + Level 2.4 Dodging


You couldn't memorise any spells.
You didn't know any spells.
Your spell library was empty.

Dungeon Overview and Level Annotations

Branches:
Dungeon (1/15)

Altars:


Innate Abilities, Weirdness & Mutations

You cannot wear boots.
Your serpentine skin is tough. (AC +0)
You have supernaturally acute eyesight. (SInv)
Armour fits poorly on your strangely shaped body.
Your system is resistant to poisons. (rPois)
You cover ground very slowly.
You have a slow metabolism.
You can spit poison.


Message History

The dart slug is heavily wounded.
The giant cockroach barely misses you.
You riposte.
You barely miss the giant cockroach. The hobgoblin barely misses you.
You riposte.
You closely miss the hobgoblin. The giant cockroach barely misses you.
You hit the dart slug.
The dart slug is almost dead.
The hobgoblin hits you but does no damage.
The dart slug bites you but does no damage.
The giant cockroach bites you. The hobgoblin closely misses you.
You hit the dart slug.
The dart slug is almost dead.
The giant cockroach closely misses you.
You riposte.
You closely miss the giant cockroach. The dart slug launches a dart at you.
The slug dart hits you!
* * * LOW HITPOINT WARNING * * *
The hobgoblin closely misses you.
You riposte.
You barely miss the hobgoblin. The giant cockroach bites you.
You die...

..≈...≈≈# .≈≈.....# #.#
.... ≈......## #.# .....
.......# #.# .#..
.......## #.# ...# .
........# #.# ...#.#
........# #.######....#.
........###.#....w.....#
.........##.#...@sg....#
.........#..'...lg......
............#(...g......
.......)....#...........
............#######.....
###.........# .....
###.......# .!..
.........# ...#
..##..###.# ..#


You could see a dart slug, a leopard gecko, a giant cockroach, 2 hobgoblins and
a goblin.

Vanquished Creatures
  A kobold (D:1)
1 creature vanquished.

Notes
Turn   | Place    | Note
-------+----------+-------------------------------------------
     0 | D:1      | KristoblXynda the Naga Gladiator began the quest for the Orb.
     0 | D:1      | Reached XP level 1. HP: 19/19 MP: 1/1
    40 | D:1      | Slain by a giant cockroach

Vault maps used:
D:1:      nicolae_arrival_washed_ashore, minmay_misc_feat_secret_circle

Action                   || total
-------------------------++-------
Melee: Long sword        ||     9
Armor: Leather armour    ||     2
Dodge: Dodged            ||    14
       Rpst.: Long sword ||     5

Table legend:
 A = Spawn XP
 B = Non-spawn XP
 C = Spawn XP percentage of total XP
 D = Spawn monster count
 E = Non-spawn monster count
 F = Spawn count percentage of total count
 G = Total turns spent on level
                    A         B        C        D         E        F      G
               +---------+---------+-------+---------+---------+-------+---------
         Total |       0 |       2 |   0.0 |       0 |       1 |   0.0 |    40
               +---------+---------+-------+---------+---------+-------+---------
           D:1 |       0 |       2 |   0.0 |       0 |       1 |   0.0 |    40
               +---------+---------+-------+---------+---------+-------+---------
